 Dungeon Crawl Stone Soup version 0.30-a0-1075-gcd70e7a56d (webtiles) character file.

Game seed: 15494726714075418094

21 retardedninja the Trooper (level 2, 0/28 HPs)
             Began as a Naga Fighter on Apr 14, 2023.
             Slain by a gnoll
             ... wielding a +0 spear
              (8 damage)
             ... on level 2 of the Dungeon.
             The game lasted 00:00:38 (502 turns).

retardedninja the Trooper (Naga Fighter)             Turns: 502, Time: 00:00:39

Health: 0/28       AC:  4    Str: 18    XL:     2   Next: 83%
Magic:  2/2        EV:  7    Int:  8    God:
Gold:   43         SH:  4    Dex: 10    Spells: 1/1 levels left

rFire   . . .      SeeInvis +    a - +0 war axe
rCold   . . .      Faith    .    c - +0 buckler
rNeg    . . .      Spirit   .    b - +0 scale mail
rPois   +          Reflect  .    (no helmet)
rElec   .          Rampage  .    (no cloak)
rCorr   .                        (no gloves)
Will    .....                    (no barding) Stlth
                                 (no amulet)
HPRegen 0.24/turn                (no ring)
MPRegen 0.08/turn                (no ring)

@: very slow
A: AC +0, large, see invisible, deformed body, poison resistance, slowness 2,
spit poison 1, naga tail 1
a: Spit Poison


You were on level 2 of the Dungeon.
You visited 1 branch of the dungeon, and saw 2 of its levels.

You collected 43 gold pieces.

Inventory:

Hand Weapons
 a - a +0 war axe (weapon)
Armour
 b - a +0 scale mail (worn)
 c - a +0 buckler (worn)
Scrolls
 e - a scroll of magic mapping {unknown}
 g - 2 scrolls of identify {unknown}
 h - a scroll of poison {unknown}
 i - a scroll of enchant armour {unknown}
 j - a scroll of fear {unknown}
 k - a scroll of brand weapon {unknown}
 o - a scroll of teleportation {unknown}
Potions
 d - a potion of might
 f - 2 potions of lignification {unknown}
 l - a potion of cancellation {unknown}
 m - a potion of mutation {unknown}
 n - a potion of attraction {unknown}


   Skills:
 + Level 3.2 Fighting
 + Level 2.3 Axes
 + Level 2.6 Armour
 + Level 3.0 Shields


You had one spell level left.
You didn't know any spells.
Your spell library was empty.

Dungeon Overview and Level Annotations

Branches:
Dungeon (2/15)

Altars:


Innate Abilities, Weirdness & Mutations

Your serpentine skin is tough. (AC +0)
You have supernaturally acute eyesight. (SInv)
Armour fits poorly on your strangely shaped body.
Your system is resistant to poisons. (rPois)
You cover ground very slowly.
You can spit poison.
You have a snake-like lower body.


Message History

You slash the kobold!
You kill the kobold!
A hobgoblin comes into view.
There are monsters nearby!
You hit the kobold but do no damage. You block the kobold's attack.
There are monsters nearby!
You closely miss the kobold. You barely miss the hobgoblin.
You block the kobold's attack.
A gnoll comes into view. It is wielding a +0 spear.
The hobgoblin hits you. x2; The kobold barely misses you.
There are monsters nearby!
There are monsters nearby!
You slash the kobold!
You kill the kobold!
You hit the hobgoblin but do no damage.
The gnoll hits you from afar with a +0 spear.
You block the hobgoblin's attack.
Your Shields skill increases to level 3!
You closely miss the hobgoblin.
The gnoll hits you from afar with a +0 spear.
The hobgoblin barely misses you. The hobgoblin hits you.
The gnoll hits you from afar with a +0 spear.
There are monsters nearby!
You are too injured to fight recklessly!
There are monsters nearby!
You are too injured to fight recklessly!
You are too injured to fight recklessly!
The gnoll hits you from afar with a +0 spear.
* * * LOW HITPOINT WARNING * * *
You block the hobgoblin's attack.
You see here a +0 short sword.
You barely miss the hobgoblin. The gnoll completely misses you.
The hobgoblin closely misses you.
You slash the hobgoblin!
You kill the hobgoblin!
The gnoll hits you but does no damage. The gnoll closely misses you.
Found 17 gold pieces.
The gnoll barely misses you.
Items here: ( ) ? [ †.
The gnoll hits you with a +0 spear!
You die...

...... ..#
#...#.##.#
..#...#$.
.......# #
.#...#.##.#
......#...
#.###.#g###.#
###.##.)[@....#
#.......#######
#.#.###.#
####<#.###)#
#........#.#
#.##.#.#.#.######
..
#..............
##
#.......######.
##...####


You could see a gnoll.

Vanquished Creatures
  A dart slug (D:1)
  An endoplasm (D:1)
  A giant cockroach (D:1)
  3 goblins (D:1)
  2 hobgoblins
  3 ball pythons (D:1)
  3 bats (D:1)
  2 frilled lizards (D:1)
  2 kobolds (D:2)
  A rat (D:1)
19 creatures vanquished.

Notes
Turn   | Place    | Note
-------+----------+-------------------------------------------
     0 | D:1      | retardedninja the Naga Fighter began the quest for the Orb.
     0 | D:1      | Reached XP level 1. HP: 21/21 MP: 1/1
   100 | D:1      | Reached XP level 2. HP: 26/28 MP: 2/2
   502 | D:2      | Slain by a gnoll

Illustrated notes

Levels and vault maps discovered:
D:1:      dpeg_arrival_arbitrary_b, layout_rooms
D:2:      layout_loops_corners, serial_shops, nicolae_shop_behind_doors,
          minmay_tromino_mix6

Skill      XL: |  1  2 |
---------------+-------+-----
Shields        | 3 |  3.0
Fighting       | |  3.2
Axes           | |  2.3
Armour         | |  2.6

Action                     || total
---------------------------++-------
  Melee: War axe           ||    43
 Armour: Scale mail        ||    28
  Dodge: Dodged            ||    29
  Block: Buckler           ||    11

Table legend: (Time is in decaauts)
 A = Elapsed time spent in this place.
 B = Non-inter-level travel time spent in this place.
 C = Inter-level travel time spent in this place.
 D = Time resting spent in this place.
 E = Time spent auto-exploring this place.
 F = Levels seen in this place.
 G = Mean time per level.
                   A        B        C        D        E       F      G
               +--------+--------+--------+--------+--------+-----+--------+
         Total |    682 |    661 |     21 |      0 |    527 |   2 |  341.0 |
       Dungeon |    682 |    661 |     21 |      0 |    527 |   2 |  341.0 |
               +--------+--------+--------+--------+--------+-----+--------+

Top non-repeatable levels by time:
     D:1: 652 daAuts
     D:2: 30 daAuts
